 Dungeon Crawl Stone Soup version 0.27-a0-1358-ga0a28fc8c3 (webtiles) character file.

Game seed: 8625365802914677023

1475 Bapho the Skirmisher (level 8, -4/71 HPs)
             Began as a White Draconian Conjurer on June 28, 2021.
             Slain by a wraith (11 damage)
             ... on level 6 of the Dungeon.
             The game lasted 00:10:55 (5968 turns).

Bapho the Skirmisher (White Draconian Conjurer)     Turns: 5968, Time: 00:10:56

Health: -4/71      AC:  7    Str:  9    XL:     8   Next: 49%
Magic:  3/14       EV: 17    Int: 22    God:
Gold:   252        SH:  0    Dex:  9    Spells: 8/15 levels left

rFire    . . .     SeeInvis .   C - +0 whip (venom)
rCold    + . .     Faith    .   (no shield)
rNeg     . . .     Spirit   .   (armour unavailable)
rPois    .         Reflect  .   (helmet restricted)
rElec    .         Harm     .   (no cloak)
rCorr    .         Rampage  .   q - +0 pair of gloves
Will     .....                  (no boots)
Stlth    ++........             g - amulet of magic regeneration
HPRegen  0.21/turn              v - +4 ring of evasion
MPRegen  0.39/turn              e - ring of wizardry

@: slowed, very slow
A: breathe frost, AC +6, unfitting armour, cold resistance 1, cold-blooded
a: Breathe Frost


You were on level 6 of the Dungeon.
You visited 1 branch of the dungeon, and saw 6 of its levels.

You collected 252 gold pieces.

Inventory:

Hand Weapons
 d - a +0 short sword
 n - a +0 hand axe
 o - a +5 short sword
 C - a +0 whip of venom (weapon)
Missiles
 a - 146 stones
 i - 3 atropa-tipped darts
 s - a throwing net
Armour
 q - a +0 pair of gloves (worn)
Jewellery
 e - a ring of wizardry (right hand)
 f - a +6 ring of dexterity
 g - an amulet of magic regeneration (around neck)
 l - an amulet of regeneration
 t - an amulet of the acrobat
 v - a +4 ring of evasion (left hand)
 w - an amulet of faith
Scrolls
 x - a scroll of identify
 y - a scroll of teleportation {unknown}
 B - a scroll of blinking {unknown}
Potions
 b - 2 potions of lignification
 c - 3 potions of heal wounds
 h - 4 potions of haste
 j - a potion of resistance {unknown}
 k - 2 potions of berserk rage
 m - a potion of attraction {unknown}
 p - a potion of flight {unknown}
 r - 2 potions of brilliance {unknown}
 u - 2 potions of cancellation {unknown}
 z - 2 potions of curing
 A - a potion of might {unknown}


   Skills:
 + Level 6.4 Fighting
 + Level 5.7 Dodging
 - Level 1.7 Stealth
 - Level 4.4 Spellcasting
 - Level 6.0 Conjurations


You had 8 spell levels left.
You knew the following spells:

 Your Spells              Type           Power      Damage    Failure   Level
a - Magic Dart            Conj           100%       1d8       1%          1
b - Searing Ray           Conj           62%        3d5       1%          2
c - Iskenderun's Mystic   Conj/Tloc      18%        2d6       12%         4

Your spell library contained the following spells:

 Spells                   Type           Power      Damage    Failure   Level
 Beastly Appendage        Tmut           8%         N/A       4%          1
 Dazzling Flash           Conj/Hex       36%        N/A       4%          3
 Wereblood                Tmut           4%         N/A       6%          2
 Fulminant Prism          Conj/Hex       9%         3d7       12%         4
 Spider Form              Tmut/Pois      2%         N/A       13%         3
 Ice Form                 Ice/Tmut       4%         N/A       38%         4


Dungeon Overview and Level Annotations

Branches:
Dungeon (6/15)
 Temple: D:4-7

Altars:
Elyvilon
Kikubaaqudgha

Shops:
D:3 :


Innate Abilities, Weirdness & Mutations

You can breathe waves of freezing cold which knock back foes.
Your icy white scales are hard. (AC +6)
You cannot fit into any form of body armour.
Your flesh is cold resistant. (rC+)
You are cold-blooded and may be slowed by cold attacks.


Message History

The wraith misses you.
Casting: Magic Dart (safe; 1% risk of failure)
Confirm with . or Enter, or press ? or * to list all spells.
Aiming: Magic Dart (safe; 1% risk of failure)
Press: ? - help, Shift-Dir - straight line, f/p - wraith
Aim: a wraith (severely damaged, 100% to hit)
The magic dart hits the wraith.
The wraith is severely damaged.
The wraith hits you!
* * * LOW HITPOINT WARNING * * *
The wraith drains your vigour!
You feel as though you will be slow longer.
Casting: Magic Dart (safe; 1% risk of failure)
Confirm with . or Enter, or press ? or * to list all spells.
Aiming: Magic Dart (safe; 1% risk of failure)
Press: ? - help, Shift-Dir - straight line, f/p - wraith
Aim: a wraith (severely damaged, 100% to hit)
The magic dart hits the wraith but does no damage.
The wraith is severely damaged.
The wraith misses you. The wraith hits you!
* * * LOW HITPOINT WARNING * * *
The wraith drains your vigour!
You feel as though you will be slow longer.
Casting: Magic Dart (safe; 1% risk of failure)
Confirm with . or Enter, or press ? or * to list all spells.
Aiming: Magic Dart (safe; 1% risk of failure)
Press: ? - help, Shift-Dir - straight line, f/p - wraith
Aim: a wraith (severely damaged, 100% to hit)
The magic dart hits the wraith but does no damage.
The wraith is severely damaged.
The wraith misses you.
Casting: Magic Dart (safe; 1% risk of failure)
Confirm with . or Enter, or press ? or * to list all spells.
Aiming: Magic Dart (safe; 1% risk of failure)
Press: ? - help, Shift-Dir - straight line, f/p - wraith
Aim: a wraith (severely damaged, 100% to hit)
The magic dart hits the wraith.
The wraith is almost destroyed.
The wraith hits you!
You die...

#.# . #.# ..
#.# .# #.# $.#
#######.##...#
#....[.......#
#.# #.# #.#
#W# #.#####@#
#.#.....#
#.#.######
#..........
#<#.#######
#.#.# #.#.#
#.#.. ..#..


You could see a wraith.

Vanquished Creatures
  The ghost of hemabe71 the Charlatan, an amateur HuAr (D:3)
  An orc warrior (D:5)
  An ice beast (D:5)
  2 ogres (D:5)
  A centaur (D:5)
  A kobold brigand (D:5)
  3 scorpions
  A water moccasin zombie (D:5)
  The ghost of Nattfarinn the Ogre Mage, a weakling OgWz (D:3)
  A bullfrog zombie (D:5)
  Crazy Yiuf (D:5)
  3 hounds (D:5)
  A jelly (D:5)
  2 scorpion zombies (D:5)
  3 iguanas (D:5)
  A hound skeleton (D:5)
  11 adders
  A howler monkey skeleton (D:4)
  A white imp (D:5)
  2 ufetubi
  An adder skeleton (D:5)
  2 worms
  A dart slug (D:1)
  16 orcs
  6 bats
  10 endoplasms
  3 giant cockroaches
  8 hobgoblins
  8 jackals
  2 quokkas (D:1)
  7 ball pythons
  4 frilled lizards
  4 goblins
  6 kobolds
  3 rats
120 creatures vanquished.

Vanquished Creatures (others)
  A withered plant (D:3)
1 creature vanquished.

Grand Total: 121 creatures vanquished

Notes
Turn   | Place    | Note
-------+----------+-------------------------------------------
     0 | D:1      | Bapho the Draconian Conjurer began the quest for the Orb.
     0 | D:1      | Reached XP level 1. HP: 14/14 MP: 3/3
   220 | D:1      | Reached XP level 2. HP: 9/20 MP: 1/5
   794 | D:1      | Learned a level 2 spell: Searing Ray
   991 | D:1      | Reached XP level 3. HP: 26/26 MP: 5/7
  1868 | D:2      | Found a faded altar of an unknown god.
  2454 | D:2      | Found a white marble altar of Elyvilon.
  2663 | D:2      | Reached XP level 4. HP: 33/33 MP: 4/8
  3194 | D:3      | Reached skill level 5 in Conjurations
  3629 | D:3      | Found a runed translucent gate.
  3629 | D:3      | Found a runed translucent gate.
  3629 | D:3      | Found a runed translucent gate.
  3630 | D:3      | Noticed Nattfarinn's ghost (weakling OgWz)
  3631 | D:3      | Noticed hemabe71's ghost (amateur HuAr)
  3656 | D:3      | Killed Nattfarinn's ghost
  3657 | D:3      | Reached XP level 5. HP: 25/38 MP: 2/10
  3690 | D:3      | Killed hemabe71's ghost
  3691 | D:3      | Reached XP level 6. HP: 34/45 MP: 3/12
  3837 | D:3      | Found Wumeoj's Book Shop.
  3933 | D:3      | Learned a level 4 spell: Iskenderun's Mystic Blast
  4212 | D:4      | Reached skill level 1 in Fighting
  4634 | D:5      | Entered Level 5 of the Dungeon
  4634 | D:5      | Found an ancient bone altar of Kikubaaqudgha.
  4714 | D:5      | Noticed an ice beast
  4721 | D:5      | Killed an ice beast
  4722 | D:5      | Your scales start taking on an icy white colour.
  4722 | D:5      | Reached XP level 7. HP: 57/57 MP: 7/13
  4722 | D:5      | Gained mutation: Your flesh is cold resistant. (rC+) [White
                  | Draconian growth]
  5366 | D:5      | Reached skill level 5 in Fighting
  5366 | D:5      | Reached XP level 8. HP: 64/68 MP: 6/14
  5402 | D:5      | Reached skill level 5 in Dodging
  5841 | D:5      | Found a runed translucent door.
  5848 | D:5      | Noticed Crazy Yiuf
  5856 | D:5      | Killed Crazy Yiuf
  5968 | D:6      | Slain by a wraith

Illustrated notes

Levels and vault maps discovered:
D:1:      dpeg_arrival_oval, layout_basic, minmay_vboxes
D:2:      layout_basic, hellmonk_ecumenical_altar_crossroads, basic_altar
D:3:      layout_basic, serial_shops, nicolae_square_shop,
          gammafunk_ghost_cemetery, serial_corexii_hall,
          chequers_hall_statues_wall_a, corexii_hall_statues_x
D:4:      layout_loops_cross
D:5:      minmay_bubble_buster, layout_loops_ring, amcnicky_altar_gilded,
          grunt_ministairs_1, kennysheep_potato, uniq_crazy_yiuf_cottage
D:6:      layout_basic, dk_noncrumbling_3, minmay_unpleasant_kobolds,
          uniq_sigmund

Skill      XL: |  1  2  3  4  5  6  7  8 |
---------------+-------------------------+-----
Spellcasting   | 3 4 |  4.4
Conjurations   | 5 6 |  6.0
Dodging        | 3 4 5 |  5.7
Fighting       | 3 5 6 |  6.4
Stealth        | |  1.7

Action                   |  1- 3 |  4- 6 |  7- 9 || total
-------------------------+-------+-------+-------++-------
Melee: Unarmed           |    35 |       |       ||    35
       Tailslap          |     4 |     2 |     3 ||     9
       Short sword       |    12 |    17 |    32 ||    61
       Whip              |       |       |     7 ||     7
 Cast: Magic Dart        |    84 |    88 |    76 ||   248
       Searing Ray       |     1 |     6 |    15 ||    22
       Iskenderun's Myst |       |     1 |     3 ||     4
 Abil: Breathe Frost     |       |       |     8 ||     8
  Use: Scroll            |     4 |     7 |       ||    11
Armor: Skin              |    21 |    25 |    20 ||    66
Dodge: Dodged            |    47 |    32 |    69 ||   148

Table legend: (Time is in decaauts)
 A = Elapsed time spent in this place.
 B = Non-inter-level travel time spent in this place.
 C = Inter-level travel time spent in this place.
 D = Time resting spent in this place.
 E = Time spent auto-exploring this place.
 F = Levels seen in this place.
 G = Mean time per level.
                   A        B        C        D        E       F      G
               +--------+--------+--------+--------+--------+-----+--------+
         Total |   5983 |   5874 |    109 |    752 |   4365 |   6 |  997.2 |
       Dungeon |   5983 |   5874 |    109 |    752 |   4365 |   6 |  997.2 |
               +--------+--------+--------+--------+--------+-----+--------+

Top non-repeatable levels by time:
     D:1: 1831 daAuts
     D:2: 1446 daAuts
     D:5: 1295 daAuts
     D:4: 682 daAuts
     D:3: 675 daAuts
     D:6: 51 daAuts
